 Dungeon Crawl Stone Soup version 0.21-a0-426-g98080a9 (webtiles) character file.

149 KristoblXynda the Insei (level 5, -7/40 HPs)
             Began as a Draconian Transmuter on Nov 7, 2017.
             Mangled by an iguana (14 damage)
             ... on level 4 of the Dungeon.
             The game lasted 00:05:40 (2757 turns).

KristoblXynda the Insei (Draconian Transmuter)      Turns: 2757, Time: 00:05:41

Health: -7/40      AC:  5    Str: 12    XL:     5   Next: 9%
Magic:  7/8        EV: 12    Int: 14    God:
Gold:   159        SH:  0    Dex: 12    Spells: 4/8 levels left

rFire    . . .     SeeInvis .     - Unarmed
rCold    . . .     Gourm    .   (no shield)
rNeg     . . .     Faith    .   (armour unavailable)
rPois    .         Spirit   .   (helmet restricted)
rElec    .         Reflect  .   (no cloak)
rCorr    +         Harm     .   (no gloves)
MR       .....                  (no boots)
Stlth    +.........             (no amulet)
HPRegen  0.13/turn              m - +3 ring of slaying
MPRegen  0.11/turn              k - ring of resist corrosion

@: appendage
A: unfitting armour, horns 2, cold-blooded, AC +5
a: End Transformation


You were on level 4 of the Dungeon.
You were not hungry.
You had grown temporary horns.
You visited 1 branch of the dungeon, and saw 4 of its levels.

You collected 159 gold pieces.

Inventory:

Jewellery
 k - a ring of resist corrosion (right hand)
 m - a +3 ring of slaying (left hand)
Scrolls
 d - a scroll of teleportation {unknown}
 g - 2 scrolls of enchant armour {unknown}
 j - a scroll of immolation {unknown}
Potions
 e - a potion of brilliance
 h - 2 potions of curing
 i - a potion of haste
 l - a potion of berserk rage
 n - a potion of heal wounds
 o - a potion of magic
 q - a potion of agility
Books
 b - a book of Changes

   Spells                             Type                      Level
   a - Beastly Appendage              Transmutation                1
   b - Sticks to Snakes               Transmutation                2
   c - Spider Form                    Transmutation/Poison         3
   d - Ice Form                       Ice/Transmutation            4
   e - Blade Hands                    Transmutation                5
Comestibles
 a - 5 fruits
 c - 3 bread rations
 f - 3 meat rations


   Skills:
 - Level 1.1 Fighting
 - Level 1.7 Dodging
 * Level 5.1 Unarmed Combat
 - Level 2.0 Spellcasting
 + Level 3.4 Transmutations


You had 4 spell levels left.
You knew the following spells:

 Your Spells              Type           Power        Failure   Level  Hunger
a - Beastly Appendage     Tmut           ##....       6%          1    ##.....
b - Spider Form           Tmut/Pois      #.........   34%         3    ####...


Dungeon Overview and Level Annotations

Branches:
Dungeon (4/15)
 Temple: D:4-7

Altars:
Elyvilon
Vehumet


Innate Abilities, Weirdness & Mutations

Your plain brown scales are hard. (AC +5)
You cannot fit into any form of body armour.
You are cold-blooded and may be slowed by cold attacks.
You have a pair of horns on your head.


Message History

Casting: Beastly Appendage
Confirm with . or Enter, or press ? or * to list all spells.
You grow a pair of large bovine horns.
The iguana barely misses you.
You hit the iguana.
The iguana is moderately wounded.
The iguana bites you!
You hit the iguana. Your headbutt misses the iguana.
The iguana is heavily wounded.
The iguana bites you!
You barely miss the iguana.
The iguana is heavily wounded.
The iguana misses you.
You hit the iguana. Your headbutt misses the iguana.
The iguana is heavily wounded.
The iguana bites you!
* * * LOW HITPOINT WARNING * * *
You hit the iguana.
The iguana is severely wounded.
The iguana bites you!
You die...

#.# #.# #.# #.#
##### # #.#
>..>#.# #.#
..... ##.## ...
.###.<.#####.#
≈...........@l.#
≈#.###...#######
##.## #.# #.#
#+#


You could see an iguana.

Vanquished Creatures
  Natasha (twice) (D:3)
  3 adders
  2 worms (D:2)
  2 dart slugs (D:2)
  An orc (D:3)
  11 bats
  4 giant cockroaches
  5 goblins
  9 hobgoblins
  2 quokkas
  6 frilled lizards
  6 kobolds
  9 rats
62 creatures vanquished.

Vanquished Creatures (others)
  Natasha (D:3)
1 creature vanquished.

Grand Total: 63 creatures vanquished

Notes
Turn   | Place    | Note
-------+----------+-------------------------------------------
     0 | D:1      | KristoblXynda the Draconian Transmuter began the quest for the Orb.
     0 | D:1      | Reached XP level 1. HP: 16/16 MP: 3/3
   122 | D:1      | Reached XP level 2. HP: 20/23 MP: 5/5
   895 | D:1      | Reached XP level 3. HP: 23/28 MP: 6/6
  1018 | D:2      | Reached skill level 4 in Unarmed Combat
  1436 | D:2      | Reached XP level 4. HP: 35/35 MP: 7/7
  1851 | D:3      | Learned a level 3 spell: Spider Form
  1974 | D:3      | Found a radiant altar of Vehumet.
  2043 | D:3      | Noticed Natasha
  2053 | D:3      | Killed Natasha
  2091 | D:3      | Noticed Natasha
  2099 | D:3      | Killed Natasha
  2099 | D:3      | Reached skill level 5 in Unarmed Combat
  2168 | D:3      | Killed Natasha
  2416 | D:3      | Found a white marble altar of Elyvilon.
  2435 | D:3      | Reached XP level 5. HP: 40/40 MP: 6/8
  2757 | D:4      | Mangled by an iguana

Vault maps used:
D:1:      dpeg_arrival_subterranean_lakeside_camping
D:3:      fiery_altar_vehumet, elyvilon_altar_5, uniq_natasha
D:4:      nicolae_overflow_crystal_walls, minmay_stone_trees_medium,
          lightli_minifort

Skill      XL: |  1  2  3  4 |
---------------+-------------+-----
Unarmed Combat | 4 5 |  5.1
Transmutations | 3 |  3.4
Fighting       | |  1.1
Dodging        | |  1.7
Spellcasting   | |  2.0

Action                   |  1- 3 |  4- 6 || total
-------------------------+-------+-------++-------
Melee: Unarmed           |   182 |    53 ||   235
       Kick              |     6 |       ||     6
       Tailslap          |    15 |     6 ||    21
       Headbutt          |     5 |     2 ||     7
       Punch             |     1 |       ||     1
 Cast: Beastly Appendage |    10 |     6 ||    16
  Use: Scroll            |       |     7 ||     7
 Stab: Sleeping          |     2 |       ||     2
  Eat: Chunk             |     2 |     3 ||     5
       Bread ration      |       |     1 ||     1
Armor: Skin              |    88 |    19 ||   107
Dodge: Dodged            |   181 |    42 ||   223

Table legend:
 A = Spawn XP
 B = Non-spawn XP
 C = Spawn XP percentage of total XP
 D = Spawn monster count
 E = Non-spawn monster count
 F = Spawn count percentage of total count
 G = Total turns spent on level
                    A         B        C        D         E        F      G
               +---------+---------+-------+---------+---------+-------+---------
         Total |       0 |     214 |   0.0 |       0 |      62 |   0.0 |  2757
               +---------+---------+-------+---------+---------+-------+---------
           D:1 |       0 |      42 |   0.0 |       0 |      26 |   0.0 |  1003
           D:2 |       0 |      76 |   0.0 |       0 |      25 |   0.0 |   868
           D:3 |       0 |      83 |   0.0 |       0 |      10 |   0.0 |   859
           D:4 |       0 |      13 |   0.0 |       0 |       1 |   0.0 |    27
               +---------+---------+-------+---------+---------+-------+---------
